 Dungeon Crawl Stone Soup version 0.19-a0-291-ga637243 (webtiles) character file.

25018 epen the Covert (level 12, -1/61 HPs)
             Began as a Felid Chaos Knight on May 27, 2016.
             Killed from afar by a fire giant (22 damage)
             ... with a bolt of fire
             ... on level 7 of the Lair of Beasts.
             The game lasted 00:44:06 (21993 turns).

epen the Covert (Felid Chaos Knight)               Turns: 21993, Time: 00:44:07

Health: -1/61      AC:  6    Str:  8    XL:     12   Next: 85%
Magic:  21/21      EV: 34    Int: 20    God:    Xom [......]
Gold:   940        SH:  0    Dex: 20    Spells: 1 memorised, 15 levels left
                                        Lives:  0   Deaths: 3

rFire  + . .     SeeInvis +       - Unarmed
rCold  + + +     Gourm    .     (armour unavailable)
rNeg   . . .     Faith    .     (shield unavailable)
rPois  .         Spirit   .     (helmet unavailable)
rElec  .         Dismiss  .     (cloak unavailable)
rCorr  .         Reflect  .     (gloves unavailable)
SustAt .         Harm     .     (boots unavailable)
MR     ++...     Clarity  +     H - amulet of regeneration
Stlth  ++++++++..               p - +3 ring of evasion
                                r - ring of wizardry

@: quick, very resistant to hostile enchantments, extraordinarily stealthy
A: no armour, no weapons or thrown items, antennae 1, claws 1, fangs 3, slimy
green scales 2, camouflage 1, see invisible, agile 1, blink, carnivore 3,
clarity, clever 2, cold resistance 3, fire resistance 1, speed 1, magic
resistance 1, mutation resistance 1, robust 1, shaggy fur 3, slow metabolism 1,
sharp paws
a: Blink, Renounce Religion


You were on level 7 of the Lair of Beasts.
You worshipped Xom.
You were a very special plaything of Xom.
You were completely stuffed.

You visited 2 branches of the dungeon, and saw 17 of its levels.

You collected 940 gold pieces.

Inventory:

Jewellery
 j - an uncursed amulet of rage
 p - a +3 ring of evasion (right paw)
 r - a ring of wizardry (left paw)
 C - an uncursed ring of flight
 F - a +3 amulet of reflection
 H - an amulet of regeneration (around neck)
 J - a cursed amulet of inaccuracy {unknown}
Wands
 l - a wand of enslavement (21/24)
 o - a wand of lightning (0/15)
 u - a wand of slowing (35/48)
 x - a wand of slowing (6/48)
 y - a wand of flame (0/48)
Scrolls
 b - 3 scrolls of immolation
 c - 5 scrolls of recharging
 g - 8 scrolls of remove curse
 t - 5 scrolls of enchant weapon
 v - a scroll of fog
 w - 3 scrolls of teleportation
 E - 3 scrolls of identify
 G - a scroll of amnesia
 L - a scroll of blinking
Potions
 d - 2 potions of haste
 e - 3 potions of lignification
 i - a potion of brilliance
 k - 2 potions of cure mutation
 q - 2 potions of agility
 s - a potion of might
 A - a potion of berserk rage
 I - a potion of curing
Books
 m - a book of the Warp

   Spells                             Type                      Level
   a - Recall                         Summoning/Translocation      3
   b - Gell's Gravitas                Hexes/Translocation          3
   c - Force Lance                    Conjuration/Translocation    4
   d - Warp Weapon                    Charms/Translocation         5
   e - Summon Forest                  Summoning/Translocation      5
 z - a book of Power

   Spells                             Type                      Level
   a - Fulminant Prism                Conjuration/Hexes            4
   b - Iskenderun's Mystic Blast      Conjuration                  4
   c - Venom Bolt                     Conjuration/Poison           5
   d - Bolt of Magma                  Conjuration/Fire/Earth       5
   e - Iron Shot                      Conjuration/Earth            6
   f - Orb of Destruction             Conjuration                  7
   g - Spellforged Servitor           Conjuration/Summoning        7
 B - a book of Alchemy

   Spells                             Type                      Level
   a - Sublimation of Blood           Necromancy                   2
   b - Ignite Poison                  Fire/Transmutation/Poison    3
   c - Petrify                        Transmutation/Earth          4
   d - Alistair's Intoxication        Transmutation/Poison         5
   e - Irradiate                      Conjuration/Transmutation    5
 D - a book of the Dragon

   Spells                             Type                      Level
   a - Flame Tongue                   Conjuration/Fire             1
   b - Cause Fear                     Hexes                        4
   c - Bolt of Fire                   Conjuration/Fire             6
   d - Dragon Form                    Transmutation                7
   e - Dragon's Call                  Summoning                    9
Comestibles
 a - 6 meat rations
 f - 9 beef jerkies
 h - 3 slices of pizza
 n - 2 royal jellies


   Skills:
 - Level 8.9 Fighting
 - Level 13.4 Dodging
 - Level 14.2 Stealth
 - Level 10.8 Unarmed Combat
 + Level 5.6 Spellcasting
 * Level 10.3 Transmutations


You had 15 spell levels left.
You knew the following spells:

 Your Spells              Type           Power        Failure   Level  Hunger
a - Dragon Form           Tmut           #####.....   73%         7    #######


Dungeon Overview and Level Annotations

Branches:
Dungeon (10/15)            Temple (0/1) D:6            Lair (7/8) D:9
 Shoals (0/4) Lair:6        Snake (0/4) Lair:4          Orc (0/2) D:10
  Slime: Lair:6-8

Altars:
Dithmenos
Hepliaklqana
Kikubaaqudgha
Okawaru
Pakellas
Sif Muna
Ukayaw
Vehumet
Xom
Yredelemnul
The Shining One

Shops:
D:4 %   D:9 }

Annotations:
Lair:2 exclusion: plant


Innate Abilities, Weirdness & Mutations

You cannot wear armour.
You are incapable of wielding weapons or throwing items.
You have sharp claws.
You have razor-sharp teeth.
You have supernaturally acute eyesight. (SInv)
You are carnivorous and can eat meat at any time.
You cover ground quickly.
Your thick and shaggy fur keeps you warm. (AC +3, rC+)
You have a slow metabolism.
Your sharp claws are effective at attacking unaware monsters.
You have a pair of small antennae on your head.
You are mostly covered in slimy green scales. (AC +3)
Your skin changes colour to match your surroundings (Stealth+).
You are agile. (Dex +2)
You can translocate small distances at will.
You possess an exceptional clarity of mind.
Your mind is very acute. (Int +4)
Your flesh is almost immune to the effects of cold. (rC+++)
Your flesh is heat resistant. (rF+)
You are resistant to hostile enchantments. (MR+)
You are somewhat resistant to further mutation.
You are robust. (+10% HP)


Message History

Found 7 gold pieces.
A komodo dragon comes into view.
Found 16 gold pieces.
You pounce on the unaware helpless komodo dragon!
You eviscerate the komodo dragon!!!!
You kill the komodo dragon!
There is a stone staircase leading up here.
You start resting.
The dire elephant tramples you!!
* * * LOW HITPOINT WARNING * * *
You emit a cloud of colourful smoke!
You stumble backwards!
You stop ascending the stairs.
A hippogriff comes into view. "This might be better!"
The dire elephant evaporates and reforms as a fire giant!
A crocodile comes into view.
The fire giant gestures at you while chanting.
The bolt of fire hits you! You resist.
You die...
Xom giggles madly!

....#.#..§§................
.H.........................
....##.....................
#. ##....P...............
###......#..####P##.....
.#..PP.C.P##....## #####.
....P.....## .....## YY##
...........#.P###...## Y...
..........@#....÷....# ....
...$.......##........##Y..Y
............###............
..........##...##.##...{.#
t...#......#####..####.###
..P##.............P.###..
$............P.....P.....
.......................Y
........................


You could see a fire giant.

Vanquished Creatures
  Maud (Lair:6)
  Nessos (Lair:6)
  Snorg (Lair:6)
  Harold (Lair:3)
  2 death yaks
  Sonja (Lair:1)
  A griffon (Lair:3)
  Psyche (D:10)
  5 elephants (Lair:7)
  3 black mambas
  6 spiny frogs
  A rime drake (Lair:5)
  4 komodo dragons
  A troll (D:10)
  6 blink frogs
  A snapping turtle (Lair:6)
  A spriggan (D:7)
  A wyvern (Lair:4)
  19 yaks
  Eustachio (D:4)
  7 hippogriffs
  A hungry ghost (D:9)
  Edmund (D:5)
  A mottled dragon (shapeshifter) (Lair:2)
  4 nagas
  7 water moccasins
  11 porcupines
  4 orc warriors
  A wasp (D:9)
  3 sky beasts
  A black bear (D:7)
  14 wolves
  3 necrophages
  2 phantoms (D:6)
  4 ogres
  6 centaurs
  13 crocodiles
  A big kobold (D:7)
  19 giant frogs
  2 scorpions
  A water moccasin skeleton (D:9)
  13 killer bees
  An electric eel (Lair:6)
  5 wights (D:9)
  2 crimson imps (D:8)
  3 hounds
  2 centaur zombies
  5 orc priests
  3 jellies
  8 orc wizards
  A gnoll shaman (D:6)
  5 iguanas
  Natasha (twice) (D:4)
  7 worker ants
  20 sheep
  A hound zombie (D:10)
  A howler monkey zombie (D:6)
  A worker ant zombie (D:5)
  9 gnolls
  30 river rats
  6 adders
  A shadow imp (D:7)
  An ooze (D:1)
  10 worms (Lair:2)
  2 dart slugs (D:1)
  7 giant geckos
  36 orcs
  8 bats
  6 giant cockroaches
  7 goblins
  4 hobgoblins
  7 jackals
  3 quokkas
  A ball python (D:5)
  A giant gecko skeleton (D:8)
  4 giant newts
  11 kobolds
  A quokka zombie (D:7)
  9 rats
408 creatures vanquished.

Vanquished Creatures (collateral kills)
  A big kobold (D:9)
  A sheep (Lair:2)
  An orc (D:3)
  4 kobolds (D:9)
7 creatures vanquished.

Vanquished Creatures (others)
  A bush (Lair:7)
  8 fungi
  8 plants
17 creatures vanquished.

Grand Total: 432 creatures vanquished

Notes
Turn   | Place    | Note
--------------------------------------------------------------
     0 | D:1      | epen the Felid Chaos Knight began the quest for the Orb.
     0 | D:1      | Reached XP level 1. HP: 10/10 MP: 2/2
    68 | D:1      | Reached XP level 2. HP: 14/14 MP: 3/3
   376 | D:1      | XOM: silly message
   422 | D:1      | XOM: butterfly on damage
   555 | D:1      | XOM: harmless Fire miscast
   557 | D:1      | Reached XP level 3. HP: 17/17 MP: 4/4
   573 | D:1      | XOM: smoke on damage
   702 | D:1      | XOM: cast spell 'Summon Butterflies'
  1012 | D:2      | XOM: butterfly on damage
  1079 | D:1      | XOM: give mutation
  1079 | D:1      | Gained mutation: You have a somewhat thin skeletal structure. (Dex +2, Stealth) [Xom's mischief]
  1556 | D:2      | Found a shadowy altar of Dithmenos.
  1558 | D:2      | Found a basalt altar of Yredelemnul.
  1558 | D:2      | Found a hide-covered altar to Ukayaw.
  1558 | D:2      | Found a glowing golden altar of the Shining One.
  1558 | D:2      | Found an ancient bone altar of Kikubaaqudgha.
  1559 | D:2      | Found an oddly glowing altar of Pakellas.
  1563 | D:2      | Found a deep blue altar of Sif Muna.
  1571 | D:2      | XOM: harmless Tloc miscast
  1754 | D:3      | XOM: summons 2 friendly demons
  1923 | D:3      | Noticed an ogre
  1938 | D:3      | XOM: fog
  1951 | D:3      | XOM: enchant monster (good)
  2000 | D:3      | Killed an ogre
  2000 | D:3      | Reached skill level 2 in Stealth
  2000 | D:3      | Reached XP level 4. HP: 22/22 MP: 5/5
  2000 | D:3      | Reached XP level 5. HP: 25/25 MP: 6/6
  2200 | D:3      | XOM: noise
  2334 | D:3      | XOM: harmless Hex miscast
  2393 | D:3      | XOM: enchant monster (good)
  2416 | D:2      | XOM is BORED!
  2416 | D:2      | XOM: draining
  2642 | D:3      | XOM: silly message
  3281 | D:4      | Noticed Natasha
  3289 | D:4      | Killed Natasha
  3289 | D:4      | Reached skill level 3 in Stealth
  3303 | D:4      | Noticed Eustachio
  3309 | D:4      | XOM: divination: detect items
  3312 | D:4      | XOM: butterfly on damage
  3313 | D:4      | XOM: harmless Erth miscast
  3318 | D:4      | HP: 1/25 [bat[Eustachio] (1)]
  3319 | D:4      | Found an iron altar of Okawaru.
  3324 | D:4      | XOM: enchant monster (bad)
  3325 | D:4      | HP: 1/25 [bat[Eustachio] (1)]
  3329 | D:4      | XOM: enchant monster (good)
  3332 | D:4      | Slain by a bat
  3333 | D:4      | Reached XP level 4. HP: 0/22 MP: 5/5
  3473 | D:4      | XOM: harmless Summ miscast
  3514 | D:4      | Reached skill level 5 in Dodging
  3528 | D:4      | Found Zill's Food Boutique.
  3610 | D:4      | XOM: potion effect (experience)
  3610 | D:4      | Reached skill level 5 in Fighting
  3610 | D:4      | Reached skill level 8 in Stealth
  3610 | D:4      | Reached XP level 5. HP: 27/27 MP: 6/6
  3617 | D:4      | Killed Eustachio
  3617 | D:4      | Gained mutation: You are covered in thick fur. (AC +2) [Felid growth]
  3617 | D:4      | Reached XP level 6. HP: 26/31 MP: 7/7
  3776 | D:4      | Noticed Natasha
  3790 | D:4      | Killed Natasha
  3892 | D:4      | Reached XP level 7. HP: 30/34 MP: 8/8
  3945 | D:5      | Entered Level 5 of the Dungeon
  3949 | D:5      | XOM: divination: magic mapping
  4017 | D:5      | Reached skill level 9 in Stealth
  4018 | D:5      | Noticed Edmund
  4067 | D:5      | XOM: potion effect (heal wounds)
  4083 | D:5      | Killed Edmund
  4320 | D:5      | XOM: potion effect (brilliance)
  4349 | D:5      | XOM: potion effect (brilliance)
  4385 | D:5      | XOM: potion effect (agility)
  4558 | D:6      | Found a hazy altar of Hepliaklqana.
  4562 | D:6      | Found a radiant altar of Vehumet.
  4562 | D:6      | Found a shimmering altar of Xom.
  4640 | D:6      | XOM: potion effect (berserk rage)
  4746 | D:6      | Found a staircase to the Ecumenical Temple.
  4773 | D:6      | Reached XP level 8. HP: 38/38 MP: 9/9
  4790 | D:6      | XOM: god gift: meat ration
  5007 | D:6      | XOM: cast spell 'Ice Form'
  5215 | D:5      | XOM: blink monster(s)
  5387 | D:5      | XOM: noise
  5579 | D:5      | Reached skill level 10 in Dodging
  5705 | D:5      | Found an oddly glowing altar of Pakellas.
  5788 | D:7      | XOM: god gift: 25 gold pieces {god gift}
  5847 | D:7      | XOM: harmless Necr miscast
  5862 | D:7      | Slain by a black bear
  5863 | D:7      | Reached XP level 7. HP: 0/34 MP: 8/8
  5994 | D:7      | Noticed a spriggan baker
  6010 | D:7      | XOM: cast spell 'Shadow Creatures'
  6107 | D:8      | Reached skill level 10 in Stealth
  6274 | D:7      | XOM: confusion (+ monsters)
  6289 | D:7      | Killed a spriggan baker
  6289 | D:7      | Reached XP level 8. HP: 17/38 MP: 9/9
  6493 | D:7      | XOM: 1-stop teleportation journey
  6598 | D:7      | XOM: swap monsters
  6675 | D:7      | XOM: noise
  7140 | D:7      | XOM: 1-stop teleportation journey
  7199 | D:7      | XOM: give mutations
  7199 | D:7      | Gained mutation: You have a pair of small antennae on your head. [Xom's grace]
  7199 | D:7      | Gained mutation: Your flesh is cold resistant. (rC+) [Xom's grace]
  7199 | D:7      | Gained mutation: You are partially covered in slimy green scales. (AC +2) [Xom's grace]
  7199 | D:7      | Gained mutation: You are mostly covered in slimy green scales. (AC +3) [Xom's grace]
  7532 | D:7      | Gained mutation: Your thick and shaggy fur keeps you warm. (AC +3, rC+) [mutagenic meat]
  8240 | D:8      | XOM: smoke on damage
  8413 | D:8      | Reached XP level 9. HP: 33/42 MP: 10/10
  8523 | D:8      | XOM: harmless Tloc miscast
  8542 | D:8      | XOM: summons 4 hostile demons
  8543 | D:8      | Noticed a rust devil
  8552 | D:8      | XOM: mild Hex miscast
  8617 | D:7      | XOM: summons 4 hostile demons
  9074 | D:8      | XOM: vitrification
  9132 | D:8      | XOM: 1-stop teleportation journey
  9394 | D:8      | XOM: vitrification
  9619 | D:8      | XOM: scenery: 1 doors close
  9648 | D:8      | XOM: potion effect (invisibility)
  9650 | D:8      | XOM: give mutations
  9650 | D:8      | Gained mutation: You can translocate small distances at will. [Xom's grace]
  9650 | D:8      | Gained mutation: Your skin changes colour to match your surroundings (Stealth+). [Xom's grace]
  9650 | D:8      | Gained mutation: You are agile. (Dex +2) [Xom's grace]
  9650 | D:8      | Gained mutation: Your mind is acute. (Int +2) [Xom's grace]
  9940 | D:9      | Reached skill level 11 in Stealth
 10109 | D:9      | Found a staircase to the Lair.
 10222 | D:9      | XOM: butterfly on damage
 10271 | D:9      | XOM: vitrification
 10386 | D:9      | XOM: scenery: 1 doors close
 10510 | D:9      | Found Hiutusix's Gadget Shop.
 10532 | D:9      | XOM: vitrification
 10564 | D:9      | XOM: scenery: create altars
 10581 | D:9      | Reached XP level 10. HP: 40/47 MP: 11/11
 10651 | D:9      | Paralysed by a wasp for 2 turns
 10752 | D:9      | XOM: harmless Hex miscast
 11156 | D:10     | Entered Level 10 of the Dungeon
 11187 | D:10     | Noticed Psyche
 11189 | D:10     | Killed Psyche
 11189 | D:10     | Reached skill level 12 in Stealth
 11394 | D:10     | Found a staircase to the Orcish Mines.
 11518 | D:10     | XOM: scenery: 1 doors open, 1 doors close
 11526 | D:10     | Noticed a centaur warrior
 11685 | D:10     | XOM: give mutation
 11685 | D:10     | Gained mutation: Your flesh is very cold resistant. (rC++) [Xom's grace]
 11908 | Lair:1   | Entered Level 1 of the Lair of Beasts
 11913 | Lair:1   | XOM: snakes to sticks
 11922 | Lair:1   | Noticed a spiny frog
 11940 | Lair:1   | Killed a spiny frog
 12204 | Lair:1   | XOM: 2-stop teleportation journey
 12274 | Lair:1   | XOM is BORED!
 12274 | Lair:1   | XOM: medium Hex miscast
 12422 | Lair:1   | Noticed a six-headed hydra
 12428 | Lair:1   | a six-headed hydra changed into a giant leech
 12428 | Lair:1   | XOM: polymorph six-headed hydra -> giant leech
 12438 | Lair:1   | Slain by a giant leech (shapeshifter)
 12439 | Lair:1   | Reached XP level 9. HP: -4/43 MP: 10/10
 12463 | Lair:1   | XOM: severe Erth miscast
 12480 | Lair:1   | XOM: 1-stop teleportation journey
 12532 | Lair:1   | XOM: give mutations
 12532 | Lair:1   | Gained mutation: You are somewhat resistant to further mutation. [Xom's grace]
 12532 | Lair:1   | Gained mutation: You are robust. (+10% HP) [Xom's grace]
 12532 | Lair:1   | Gained mutation: Your mind is very acute. (Int +4) [Xom's grace]
 12532 | Lair:1   | Gained mutation: You possess an exceptional clarity of mind. [Xom's grace]
 12827 | Lair:1   | Noticed Sonja
 12835 | Lair:1   | Killed Sonja
 12845 | Lair:1   | Noticed a spiny frog
 12845 | Lair:1   | XOM: summons friendly crimson imp
 12865 | Lair:2   | XOM: give mutations
 12865 | Lair:2   | Gained mutation: Your muscles are strong. (Str +2) [Xom's grace]
 12865 | Lair:2   | Gained mutation: You are resistant to hostile enchantments. (MR+) [Xom's grace]
 12865 | Lair:2   | Gained mutation: Your flesh is almost immune to the effects of cold. (rC+++) [Xom's grace]
 12865 | Lair:2   | Gained mutation: You are very agile. (Dex +4) [Xom's grace]
 13057 | Lair:2   | XOM: god gift: hand axe {god gift}
 13059 | Lair:2   | XOM: fog
 13236 | Lair:2   | Reached XP level 10. HP: 51/51 MP: 11/11
 13244 | Lair:2   | XOM: enchant monster (good)
 13402 | Lair:2   | XOM: silly message
 13630 | Lair:2   | XOM: summons 2 hostile shadow creatures
 13635 | Lair:2   | XOM: 1-stop teleportation journey
 13717 | Lair:2   | XOM: summons 4 hostile demons
 13929 | Lair:2   | XOM: mild Air miscast
 14255 | Lair:2   | XOM: divination: magic mapping
 14265 | Lair:2   | XOM: summons 5 friendly demons
 14358 | Lair:2   | XOM: enchant monster (good)
 14383 | Lair:2   | XOM: summons friendly white imp
 14392 | Lair:2   | XOM: fog
 14619 | Lair:2   | Reached skill level 13 in Stealth
 14623 | Lair:2   | XOM: enchant monster (good)
 14625 | Lair:2   | Reached skill level 10 in Unarmed Combat
 14627 | Lair:2   | XOM: polymorph yak -> rime drake
 14952 | Lair:2   | Noticed a spiny frog
 14957 | Lair:2   | XOM: swap monsters
 14969 | Lair:2   | XOM: enchant monster (good)
 14977 | Lair:2   | Killed a spiny frog
 14999 | Lair:2   | Learned a level 7 spell: Dragon Form
 15194 | Lair:3   | Noticed a black mamba
 15203 | Lair:3   | Killed a black mamba
 15251 | Lair:3   | Noticed Harold
 15264 | Lair:3   | XOM: divination: magic mapping
 15277 | Lair:3   | Killed Harold
 15277 | Lair:3   | Reached XP level 11. HP: 18/56 MP: 11/13
 15356 | Lair:3   | XOM: colour smoke trail
 15520 | Lair:3   | XOM: medium Erth miscast
 15655 | Lair:3   | XOM: divination: magic mapping
 15677 | Lair:3   | Noticed a griffon
 15684 | Lair:3   | Killed a griffon
 15684 | Lair:3   | Reached skill level 1 in Spellcasting
 15692 | Lair:3   | XOM: divination: magic mapping
 15703 | Lair:3   | XOM: mild Hex miscast
 15724 | Lair:3   | XOM: polymorph blink frog -> naga
 15774 | Lair:3   | XOM: silly message
 15794 | Lair:3   | Reached skill level 5 in Transmutations
 15811 | Lair:3   | XOM: butterfly on damage
 15932 | Lair:3   | XOM: harmless Chrm miscast
 15976 | Lair:3   | XOM: give mutations
 15976 | Lair:3   | Lost mutation: Your muscles are strong. (Str +2) [Xom's mischief]
 15976 | Lair:3   | Lost mutation: You are very agile. (Dex +4) [Xom's mischief]
 15976 | Lair:3   | Lost mutation: You have a somewhat thin skeletal structure. (Dex +2, Stealth) [Xom's mischief]
 15982 | Lair:3   | XOM: mild Pois miscast
 16017 | Lair:3   | XOM: harmless Pois miscast
 16021 | Lair:3   | XOM: noise
 16119 | Lair:3   | XOM: mild Fire miscast
 16244 | Lair:3   | XOM: noise
 16434 | Lair:3   | XOM: vitrification
 16501 | Lair:3   | XOM: give mutation
 16501 | Lair:3   | Gained mutation: Your flesh is heat resistant. (rF+) [Xom's grace]
 16532 | Lair:3   | XOM: fog
 16573 | Lair:3   | XOM: scenery: create altars
 16601 | Lair:4   | XOM: stealth player
 16807 | Lair:4   | XOM: swap monsters
 16814 | Lair:4   | XOM: god gift: 20 arrows
 16831 | Lair:4   | XOM: noise
 16951 | Lair:4   | XOM: god gift: 29 stones
 16962 | Lair:4   | XOM: summons 3 hostile shadow creatures
 17011 | Lair:3   | XOM: mild Air miscast
 17477 | Lair:4   | Found a staircase to the Snake Pit.
 17480 | Lair:4   | XOM: cast spell 'Cause Fear'
 17528 | Lair:4   | XOM: harmless Air miscast
 17604 | Lair:4   | XOM: harmless Air miscast
 18351 | Lair:5   | XOM: blink monster(s)
 18362 | Lair:4   | XOM: blink monster(s)
 18365 | Lair:4   | Reached skill level 14 in Stealth
 18602 | Lair:5   | XOM: polymorph sheep -> hound
 18735 | Lair:5   | Noticed a death yak
 18735 | Lair:5   | Noticed a death yak
 18737 | Lair:5   | Noticed a death yak
 18737 | Lair:5   | Noticed a death yak
 18738 | Lair:5   | Noticed a death yak
 18738 | Lair:5   | Noticed a death yak
 18743 | Lair:5   | XOM: 1-stop teleportation journey
 18774 | Lair:5   | XOM: noise
 18787 | Lair:5   | XOM: blink monster(s)
 19049 | Lair:4   | XOM: harmless Tmut miscast
 19069 | Lair:4   | Killed a death yak
 19069 | Lair:4   | Mutation became permanent: Your thick and shaggy fur keeps you warm. (AC +3, rC+) [Felid growth]
 19069 | Lair:4   | Reached XP level 12. HP: 42/61 MP: 17/17
 19170 | Lair:4   | XOM: chaos cloud
 19194 | Lair:4   | XOM: fog
 19198 | Lair:4   | XOM: harmless Summ miscast
 19209 | Lair:4   | XOM: repel stairs
 19243 | Lair:4   | Noticed a dire elephant
 19243 | Lair:4   | a death yak changed into a dire elephant
 19243 | Lair:4   | XOM: polymorph death yak -> dire elephant
 19250 | Lair:4   | XOM: blink monster(s)
 19256 | Lair:4   | XOM: summons 10 friendly demons
 19286 | Lair:4   | XOM: scenery: create altars
 19293 | Lair:4   | XOM: summons 12 friendly demons
 19379 | Lair:4   | XOM: summons 6 hostile demons
 19387 | Lair:4   | Noticed an apis
 19387 | Lair:4   | a dire elephant changed into an apis
 19387 | Lair:4   | XOM: polymorph dire elephant -> apis
 19437 | Lair:3   | XOM: silly message
 19721 | Lair:5   | XOM: medium Tloc miscast
 20007 | Lair:5   | XOM: repel stairs
 20009 | Lair:5   | XOM: polymorph yak -> guardian serpent
 20067 | Lair:5   | XOM: fog
 20074 | Lair:5   | Killed a death yak
 20129 | Lair:5   | XOM: scenery: create altars
 20166 | Lair:5   | XOM: scenery: create altars
 20169 | Lair:5   | XOM: god gift: 32 stones
 20187 | Lair:5   | XOM: enchant monster (good)
 20208 | Lair:5   | XOM: divination: detect creatures
 20212 | Lair:5   | XOM: summons friendly crimson imp
 20221 | Lair:5   | XOM: polymorph yak -> raiju
 20388 | Lair:6   | Noticed Maud
 20389 | Lair:6   | Killed Maud
 20393 | Lair:6   | XOM: medium Chrm miscast
 20596 | Lair:6   | Noticed Nessos
 20603 | Lair:6   | Killed Nessos
 20846 | Lair:6   | Noticed Snorg
 20853 | Lair:6   | Killed Snorg
 21030 | Lair:6   | Found a staircase to the Shoals.
 21035 | Lair:6   | Reached skill level 5 in Spellcasting
 21167 | Lair:6   | XOM: medium Necr miscast
 21543 | Lair:7   | Reached skill level 10 in Transmutations
 21554 | Lair:7   | Noticed a dire elephant
 21561 | Lair:7   | Noticed a death yak
 21654 | Lair:7   | Noticed a death yak
 21677 | Lair:7   | XOM: harmless Ice miscast
 21765 | Lair:7   | XOM: enchant monster (bad)
 21909 | Lair:7   | XOM: blink monster(s)
 21915 | Lair:7   | XOM: enchant monster (bad)
 21916 | Lair:7   | XOM: blink monster(s)
 21933 | Lair:7   | XOM: fog
 21945 | Lair:7   | XOM: medium Air miscast
 21946 | Lair:7   | XOM: 2-stop teleportation journey
 21984 | Lair:7   | XOM: smoke on damage
 21990 | Lair:7   | Noticed a fire giant
 21990 | Lair:7   | a dire elephant changed into a fire giant
 21990 | Lair:7   | XOM: polymorph dire elephant -> fire giant
 21993 | Lair:7   | Killed from afar by a fire giant

Vault maps used:
D:1:      saegor_arrival_simple_b
D:2:      minitemple, kennysheep_generic_room_5
D:3:      wad_river_or_something, first_bread
D:4:      serial_shops, shop, okawaru_metal_pillars_3, uniq_eustachio,
          uniq_natasha
D:5:      nrook_uturn, grunt_pakellas_basics, uniq_edmund
D:6:      grunt_temple_overflow_open, minmay_temple_entry_overgrown,
          corexii_shack
D:7:      hex_medium, roderic_lattice_a, the_bakery, lightli_corner_chamber
D:9:      lair_0_dummy, serial_shops, shop
D:10:     orc_0_dummy, serial_shops, nicolae_shop_waterfront, uniq_psyche,
          uniq_erolcha
Lair:1:   uniq_sonja, uniq_grum
Lair:2:   worms_lemuel, lemuel_fruit_tree, grunt_megastairs_2
Lair:3:   uniq_harold
Lair:4:   minmay_snake_entry_guardpost_small
Lair:5:   grunt_megastairs_4
Lair:6:   minmay_shoals_entry_hut, uniq_nessos, uniq_snorg, uniq_maud
Lair:7:   beast_lair_carwin_large_1, serial_bayou_ford_a,
          grunt_forest_large_clearings, grunt_megastairs_3, serial_bayou_shore_a

Skill      XL: |  1  2  3  4  5  6  7  8  9 10 11 12 |
---------------+-------------------------------------+-----
Dodging        | 4 8 9 10 12 13 | 13.4
Stealth        | 2 8 3 10 11 13 14 | 14.2
Unarmed Combat | 4 7 8 9 10 | 10.8
Fighting       | 5 4 6 7 8 |  8.9
Transmutations | 4 6 10 | 10.3
Spellcasting   | 3 5 |  5.6

Action                   |  1- 3 |  4- 6 |  7- 9 | 10-12 || total
-------------------------+-------+-------+-------+-------++-------
Melee: Unarmed           |   116 |    89 |   558 |   905 ||  1668
       Bite              |     9 |     8 |    56 |   119 ||   192
       Punch             |     1 |       |    26 |    52 ||    79
 Abil: Evoke Berserk Rag |     2 |       |       |       ||     2
       Blink             |       |       |       |     1 ||     1
Evoke: Wand              |       |       |     1 |    19 ||    20
  Use: Potion            |       |     1 |       |     3 ||     4
       Scroll            |       |       |    17 |    10 ||    27
 Stab: Sleeping          |     4 |     8 |    30 |    68 ||   110
       Distracted        |     1 |     2 |     5 |     5 ||    13
       Confused          |       |       |     1 |       ||     1
       Invisible         |       |       |     1 |       ||     1
       Petrified         |       |       |       |     1 ||     1
       Betrayed ally     |       |       |       |     1 ||     1
  Eat: Chunk             |    11 |       |    28 |    27 ||    66
Armor: Skin              |     5 |     5 |    28 |    35 ||    73
Dodge: Dodged            |    84 |    80 |   564 |   814 ||  1542
Block: Other             |       |       |       |    29 ||    29
